[Event "GER-chT Youth Countries 2020"]
[Site "Berlin"]
[Date "2020.10.01"]
[Round "3"]
[White "Khanbekyan, Nare"]
[Black "Ottlik, Marie"]
[Result "1-0"]
[ECO "B01"]
[WhiteElo "1334"]
[BlackElo "1454"]
[Annotator "NA"]
[PlyCount "73"]
[EventDate "2020.09.30"]
[EventType "team-tourn"]
[EventRounds "7"]
[EventCountry "GER"]
[SourceTitle "playchess.com"]
[Source "ChessBase"]
[SourceQuality "1"]
[TimeControl "30/5400+30:0"]

1. e4 d5 2. exd5 Nf6 3. d4 Nxd5 4. c4 Nb6 5. Nc3 g6 6. c5 Nd5 7. Bc4 c6 8. Nf3 Bg7 9. O-O O-O 10. Re1 Re8 11. Ne5 e6 12. Qf3 Rf8 13. Bd2 Nd7 14. Bxd5 cxd5 15. Bf4 Nxe5 16. Bxe5 f6 17. Bd6 Rf7 18. Re2 a6 19. Rae1 Bf8 20. Nxd5 Bxd6 21. cxd6 Bd7 22. Nc7 Rc8 23. Nxe6 Bxe6 24. Rxe6 Qa5 25. Qb3 Kg7 26. g3 Qd2 27. Re7 Rxe7 28. Rxe7+ Kh6 29. Qe3+ Qxe3 30. fxe3 Rc1+ 31. Kf2 Rc2+ 32. Kf3 Rxb2 33. d7 Rb1 34. d8=Q f5 35. Qf8+ Kg5 36. h4+ Kh5 37. Rxh7# 1-0

[Event "GER-chT Youth Countries 2020"]
[Site "Berlin"]
[Date "2020.10.01"]
[Round "3"]
[White "Reich, Elisabeth"]
[Black "Marrufo, Emilia"]
[Result "1-0"]
[ECO "C55"]
[WhiteElo "1128"]
[BlackElo "796"]
[Annotator "NA"]
[PlyCount "69"]
[EventDate "2020.09.30"]
[EventType "team-tourn"]
[EventRounds "7"]
[EventCountry "GER"]
[SourceTitle "playchess.com"]
[Source "ChessBase"]
[SourceQuality "1"]
[TimeControl "30/5400+30:0"]

1. e4 e5 2. Nf3 Nc6 3. Bc4 Nf6 4. d3 Bb4+ 5. Bd2 Bxd2+ 6. Nbxd2 d6 7. h3 O-O 8. O-O Nd4 9. Nxd4 exd4 10. Nf3 c6 11. Bb3 d5 12. exd5 Nxd5 13. Nxd4 Qg5 14. Qf3 Rd8 15. Ne2 Rd6 16. Ng3 Rf6 17. Ne4 Rxf3 18. Nxg5 Rf6 19. Nf3 Rg6 20. Bxd5 cxd5 21. Kh2 b6 22. Rfe1 Bb7 23. Re7 Rb8 24. Ne5 Rg5 25. Nxf7 Rf5 26. Nd6 Rf7 27. Rxf7 Bc6 28. Rxa7 d4 29. Re1 h6 30. Ree7 Kh8 31. Rxg7 h5 32. Rh7+ Kg8 33. Nf5 Be8 34. Rag7+ Kf8 35. Rh8# 1-0

[Event "GER-chT Youth Countries 2020"]
[Site "Berlin"]
[Date "2020.10.01"]
[Round "3"]
[White "Richter, Johanna"]
[Black "Lorenz, Veronika"]
[Result "0-1"]
[ECO "D32"]
[WhiteElo "1107"]
[BlackElo "1273"]
[Annotator "NA"]
[PlyCount "38"]
[EventDate "2020.09.30"]
[EventType "team-tourn"]
[EventRounds "7"]
[EventCountry "GER"]
[SourceTitle "playchess.com"]
[Source "ChessBase"]
[SourceQuality "1"]
[TimeControl "30/5400+30:0"]

1. d4 d5 2. c4 e6 3. Nc3 c5 4. Nf3 cxd4 5. Nxd4 e5 6. Nf3 d4 7. Nd5 Nc6 8. e3 Bc5 9. b3 Nf6 10. Nxf6+ Qxf6 11. Bb2 dxe3 12. fxe3 Bb4+ 13. Nd2 Qh4+ 14. g3 Qe4 15. Rg1 Qxe3+ 16. Qe2 Bxd2+ 17. Kd1 Bg4 18. Qxg4 Qe1+ 19. Kc2 Nb4# 0-1

[Event "GER-chT Youth Countries 2020"]
[Site "Berlin"]
[Date "2020.10.01"]
[Round "3"]
[White "Zimmer, Tim"]
[Black "Aumueller, Naum"]
[Result "0-1"]
[ECO "C54"]
[WhiteElo "1025"]
[BlackElo "1690"]
[Annotator "NA"]
[PlyCount "70"]
[EventDate "2020.09.30"]
[EventType "team-tourn"]
[EventRounds "7"]
[EventCountry "GER"]
[SourceTitle "playchess.com"]
[Source "ChessBase"]
[SourceQuality "1"]
[TimeControl "30/5400+30:0"]

1. e4 e5 2. Nf3 Nc6 3. Bc4 Bc5 4. c3 Nf6 5. d4 exd4 6. cxd4 Bb4+ 7. Bd2 Bxd2+ 8. Nbxd2 d5 9. exd5 Nxd5 10. O-O O-O 11. a3 Nb6 12. Qc2 Nxd4 13. Nxd4 Qxd4 14. Bd3 h6 15. Nf3 Qf4 16. Rfe1 c6 17. Re7 Nd5 18. Re4 Qf6 19. Rae1 Bf5 20. Re5 Bxd3 21. Qxd3 Rad8 22. Rf5 Qg6 23. Nh4 Qg4 24. Qe4 Qxe4 25. Rxe4 Rfe8 26. Rfe5 Rxe5 27. Rxe5 g6 28. f3 Kg7 29. g3 Kf6 30. f4 Nb6 31. Nf3 Nc4 32. Re4 Nd2 33. Nxd2 Rxd2 34. Rb4 b5 35. a4 a5 0-1

[Event "GER-chT Youth Countries 2020"]
[Site "Berlin"]
[Date "2020.10.01"]
[Round "3"]
[White "Chassard, Cecilia"]
[Black "Heuberger, Sandra"]
[Result "0-1"]
[ECO "C55"]
[WhiteElo "980"]
[BlackElo "1004"]
[Annotator "NA"]
[PlyCount "54"]
[EventDate "2020.09.30"]
[EventType "team-tourn"]
[EventRounds "7"]
[EventCountry "GER"]
[SourceTitle "playchess.com"]
[Source "ChessBase"]
[SourceQuality "1"]
[TimeControl "30/5400+30:0"]

1. e4 e5 2. Nf3 Nc6 3. Bc4 Nf6 4. d3 d5 5. exd5 Nxd5 6. Bxd5 Qxd5 7. c4 Qd8 8. O-O Bg4 9. h3 Bh5 10. Nbd2 Bd6 11. Re1 O-O 12. Qc2 Re8 13. b3 Bg6 14. Qc3 f6 15. d4 exd4 16. Nxd4 Nxd4 17. Qxd4 Bh2+ 18. Kxh2 Qxd4 19. Rxe8+ Rxe8 20. Bb2 Qxd2 21. Ba3 Qd4 22. Rc1 h6 23. f3 Re2 24. Rg1 Qf4+ 25. Kh1 Bf5 26. Bc1 Qg3 27. Rf1 Qxg2# 0-1

[Event "GER-chT Youth Countries 2020"]
[Site "Berlin"]
[Date "2020.10.02"]
[Round "4"]
[White "Muckle, Julius"]
[Black "Roseneck, Jonas"]
[Result "1/2-1/2"]
[ECO "D80"]
[WhiteElo "2427"]
[BlackElo "2417"]
[Annotator "ChessBase"]
[PlyCount "89"]
[EventDate "2020.09.30"]
[EventType "team-tourn"]
[EventRounds "7"]
[EventCountry "GER"]
[SourceTitle "playchess.com"]
[Source "ChessBase"]
[SourceQuality "1"]
[TimeControl "30/5400+30:0"]

1. d4 Nf6 2. c4 g6 3. Nc3 d5 4. Bg5 Bg7 5. Bxf6 Bxf6 6. cxd5 c6 7. Rc1 O-O 8. dxc6 Qxd4 9. Qxd4 Bxd4 10. c7 Nc6 11. e3 Bb6 12. Bb5 Bxc7 13. Nf3 Bd7 14. O-O Rfd8 15. Ne4 a6 16. Ba4 b5 17. Bb3 Bb6 18. Neg5 e6 19. Ne4 Kg7 20. Rfd1 Na5 21. Ne5 Nxb3 22. axb3 Be8 23. Nd6 Kf8 24. g4 Ke7 25. Nxe8 Kxe8 26. Rxd8+ Bxd8 27. Rc6 Bf6 28. Nd3 Rd8 29. Nc5 a5 30. Ra6 Rd5 31. Ne4 Bd8 32. Ra8 Kd7 33. Ra7+ Ke8 34. Kf1 b4 35. Ke2 f5 36. gxf5 gxf5 37. Nd2 Rd7 38. Ra8 Rd5 39. Nc4 Kf7 40. Ra7+ Kg6 41. f4 Bf6 42. Nxa5 e5 43. fxe5 Rxe5 44. Nc4 Re4 45. Ra1 1/2-1/2

[Event "GER-chT Youth Countries 2020"]
[Site "Berlin"]
[Date "2020.10.01"]
[Round "4"]
[White "Roseneck, Jonas"]
[Black "Nothnagel, Marian Can"]
[Result "0-1"]
[ECO "C41"]
[WhiteElo "2417"]
[BlackElo "2355"]
[Annotator "ChessBase"]
[PlyCount "70"]
[EventDate "2020.09.30"]
[EventType "team-tourn"]
[EventRounds "7"]
[EventCountry "GER"]
[SourceTitle "playchess.com"]
[Source "ChessBase"]
[SourceQuality "1"]
[TimeControl "30/5400+30:0"]

1. e4 e5 2. Nf3 d6 3. d4 exd4 4. Nxd4 Nf6 5. Nc3 Be7 6. Bf4 O-O 7. Qd2 c6 8. Be2 Re8 9. O-O-O Bf8 10. f3 b5 11. Kb1 Bd7 12. Rde1 Na6 13. g4 Nc5 14. h4 a5 15. Bg5 b4 16. Nd1 a4 17. Bc4 Rb8 18. Ne3 a3 19. b3 Nfxe4 20. fxe4 Nxe4 21. Qg2 Qb6 22. Ndf5 Qc5 23. Nd1 Bxf5 24. gxf5 d5 25. Rxe4 dxe4 26. Bf6 Qxf5 27. Rf1 Qg6 28. Bg5 Rb7 29. Qf2 Rd7 30. Ne3 Bc5 31. Rg1 Qd6 32. Bf6 g6 33. Qf5 Kf8 34. Qg5 Bxe3 35. Qxe3 Qxf6 0-1

[Event "GER-chT Youth Countries 2020"]
[Site "Berlin"]
[Date "2020.10.02"]
[Round "4"]
[White "Reuker, Jari"]
[Black "Matthes, Aaron"]
[Result "1-0"]
[ECO "A18"]
[WhiteElo "2401"]
[BlackElo "2198"]
[Annotator "ChessBase"]
[PlyCount "73"]
[EventDate "2020.09.30"]
[EventType "team-tourn"]
[EventRounds "7"]
[EventCountry "GER"]
[SourceTitle "playchess.com"]
[Source "ChessBase"]
[SourceQuality "1"]
[TimeControl "30/5400+30:0"]

1. c4 Nf6 2. Nc3 e6 3. e4 d5 4. cxd5 exd5 5. e5 Ne4 6. Nf3 Bf5 7. d3 Nxc3 8. bxc3 c5 9. d4 Nc6 10. Bd3 Bxd3 11. Qxd3 cxd4 12. Nxd4 Nxd4 13. cxd4 Bb4+ 14. Ke2 Qd7 15. Rb1 Ba5 16. Qb5 Bb6 17. Be3 Rc8 18. Rhd1 Rc4 19. h3 Qc6 20. f4 Kd7 21. f5 Rc8 22. g4 Qxb5 23. Rxb5 Kc6 24. Rb2 Kd7 25. Rb5 Kc6 26. Rdb1 Rc7 27. Kd3 Ra4 28. R1b2 Ra3+ 29. Ke2 Ra4 30. Kd3 Ra3+ 31. R5b3 Ra4 32. Rc2+ Kd7 33. e6+ Ke8 34. Rxc7 Bxc7 35. Rxb7 Ra3+ 36. Ke2 Rxa2+ 37. Kd1 1-0

[Event "GER-chT Youth Countries 2020"]
[Site "Berlin"]
[Date "2020.10.02"]
[Round "4"]
[White "Nothnagel, Marian Can"]
[Black "Hesse, Henrik"]
[Result "1-0"]
[ECO "B06"]
[WhiteElo "2355"]
[BlackElo "2242"]
[Annotator "ChessBase"]
[PlyCount "52"]
[EventDate "2020.09.30"]
[EventType "team-tourn"]
[EventRounds "7"]
[EventCountry "GER"]
[SourceTitle "playchess.com"]
[Source "ChessBase"]
[SourceQuality "1"]
[TimeControl "30/5400+30:0"]

1. e4 g6 2. d4 Bg7 3. Nc3 d5 4. exd5 Nf6 5. Bc4 Nbd7 6. Nf3 O-O 7. O-O Nb6 8. Bb3 Nbxd5 9. Nxd5 Nxd5 10. Re1 Bg4 11. h3 Bxf3 12. Qxf3 e6 13. c3 c6 14. Bd2 a5 15. Rad1 a4 16. Bc2 Qb6 17. Bc1 c5 18. dxc5 Qxc5 19. a3 b5 20. h4 h5 21. Bd3 Rab8 22. Bg5 Nb6 23. Bf4 e5 24. Be3 Qd5 25. Qe2 Nc4 26. Bxg6 Qe6 1-0

[Event "GER-chT Youth Countries 2020"]
[Site "Berlin"]
[Date "2020.10.02"]
[Round "4"]
[White "Nguyen, Alex Dac-Vuong"]
[Black "Schneider, Jana"]
[Result "1/2-1/2"]
[ECO "C73"]
[WhiteElo "2343"]
[BlackElo "2270"]
[Annotator "ChessBase"]
[PlyCount "80"]
[EventDate "2020.09.30"]
[EventType "team-tourn"]
[EventRounds "7"]
[EventCountry "GER"]
[SourceTitle "playchess.com"]
[Source "ChessBase"]
[SourceQuality "1"]
[TimeControl "30/5400+30:0"]

1. e4 e5 2. Nf3 Nc6 3. Bb5 a6 4. Ba4 d6 5. Bxc6+ bxc6 6. d4 exd4 7. Nxd4 c5 8. Nf3 Be7 9. O-O Nf6 10. e5 Nd7 11. Re1 O-O 12. Qe2 Nxe5 13. Nxe5 dxe5 14. Qxe5 Bf6 15. Qxc5 Re8 16. Rf1 a5 17. Na3 Ba6 18. c4 Bd4 19. Qf5 Re2 20. Bg5 Qe8 21. Rad1 Bxb2 22. Nb5 Re5 23. Qg4 Re4 24. Qf3 Rxc4 25. Rfe1 Qc6 26. Qxc6 Rxc6 27. Nxc7 Rf8 28. Nxa6 Rxa6 29. Re2 Ba3 30. Rd3 Rd6 31. Rxd6 Bxd6 32. Rd2 Re8 33. g3 Bb4 34. Rc2 h6 35. Be3 Rd8 36. Kg2 Kf8 37. Rc7 Rd3 38. Kf3 Ra3 39. Rc2 Ke7 40. Ke4 Ke6 1/2-1/2

[Event "GER-chT Youth Countries 2020"]
[Site "Berlin"]
[Date "2020.10.02"]
[Round "4"]
[White "Pallas, Sebastian"]
[Black "Hinrichs, Paul"]
[Result "1/2-1/2"]
[ECO "C90"]
[WhiteElo "2315"]
[BlackElo "2152"]
[Annotator "ChessBase"]
[PlyCount "105"]
[EventDate "2020.09.30"]
[EventType "team-tourn"]
[EventRounds "7"]
[EventCountry "GER"]
[SourceTitle "playchess.com"]
[Source "ChessBase"]
[SourceQuality "1"]
[TimeControl "30/5400+30:0"]

1. e4 e5 2. Nf3 Nc6 3. Bb5 a6 4. Ba4 Nf6 5. O-O Be7 6. Re1 b5 7. Bb3 d6 8. c3 O-O 9. d3 Na5 10. Bc2 c5 11. Nbd2 Re8 12. Nf1 h6 13. h3 Bf8 14. Ng3 Nc6 15. d4 g6 16. Be3 exd4 17. cxd4 Bb7 18. d5 Ne5 19. Nd2 Bg7 20. f4 Nc4 21. Nxc4 bxc4 22. Ba4 Re7 23. Qc2 a5 24. Bb5 Ba6 25. Bxc4 Bxc4 26. Qxc4 Rb8 27. Bd2 Rxb2 28. Bc3 Rc2 29. Rac1 Rxc1 30. Rxc1 Qe8 31. Re1 h5 32. e5 Nd7 33. Ne4 dxe5 34. d6 Re6 35. Ng5 Rxd6 36. fxe5 Nb6 37. exd6 Qxe1+ 38. Bxe1 Nxc4 39. d7 Bf6 40. Ne4 Be7 41. Kh1 Kf8 42. Bf2 Ne5 43. Nxc5 Bd8 44. Nb7 Ke7 45. Bh4+ g5 46. Bxg5+ f6 47. Nxd8 fxg5 48. Nb7 Kxd7 49. Nxa5 g4 50. Kh2 h4 51. Kg1 gxh3 52. gxh3 Nd3 53. Nc4 1/2-1/2

[Event "GER-chT Youth Countries 2020"]
[Site "Berlin"]
[Date "2020.10.02"]
[Round "4"]
[White "Mueller, Maximilian"]
[Black "Schwartz, Oliver"]
[Result "0-1"]
[ECO "B31"]
[WhiteElo "2303"]
[BlackElo "1794"]
[Annotator "ChessBase"]
[PlyCount "104"]
[EventDate "2020.09.30"]
[EventType "team-tourn"]
[EventRounds "7"]
[EventCountry "GER"]
[SourceTitle "playchess.com"]
[Source "ChessBase"]
[SourceQuality "1"]
[TimeControl "30/5400+30:0"]

1. e4 c5 2. Nf3 Nc6 3. Bb5 g6 4. O-O Bg7 5. Re1 Nf6 6. e5 Nd5 7. Nc3 Nb6 8. a4 a6 9. Bf1 Nb4 10. Ne4 O-O 11. c3 Nc6 12. Nxc5 Nxe5 13. Nxe5 d6 14. Ned3 dxc5 15. Nxc5 Qc7 16. d4 e5 17. Nb3 Rd8 18. Be3 Be6 19. Nc5 Qe7 20. a5 Nc4 21. b3 Nxe3 22. fxe3 Rac8 23. b4 Rc7 24. Qe2 Qg5 25. Rad1 Bf8 26. g3 Bg4 27. Qf2 Bxd1 28. Rxd1 Bxc5 29. bxc5 Rxc5 30. c4 Rxa5 31. Rb1 Ra3 32. Rxb7 Qxe3 33. Qxe3 Rxe3 34. d5 Kf8 35. Bh3 Rc3 36. Rc7 a5 37. Bd7 a4 38. Bxa4 Rxd5 39. Rxf7+ Kxf7 40. cxd5 Ke7 41. Kf2 Kd6 42. Bc6 Rc2+ 43. Kf3 Rxh2 44. Kg4 Rg2 45. Kf3 Rc2 46. Bb7 h5 47. Ke4 Rc4+ 48. Kf3 Rd4 49. Bc6 g5 50. Be8 h4 51. gxh4 Rxh4 52. Bf7 Rf4+ 0-1

[Event "GER-chT Youth Countries 2020"]
[Site "Berlin"]
[Date "2020.10.02"]
[Round "4"]
[White "Stelmaszyk, Nico"]
[Black "Nguyen, Huy Dat"]
[Result "1/2-1/2"]
[ECO "B40"]
[WhiteElo "2301"]
[BlackElo "2166"]
[Annotator "ChessBase"]
[PlyCount "85"]
[EventDate "2020.09.30"]
[EventType "team-tourn"]
[EventRounds "7"]
[EventCountry "GER"]
[SourceTitle "playchess.com"]
[Source "ChessBase"]
[SourceQuality "1"]
[TimeControl "30/5400+30:0"]

1. e4 c5 2. Nf3 e6 3. c3 Nf6 4. e5 Nd5 5. d4 cxd4 6. cxd4 b6 7. Bc4 Bb4+ 8. Nbd2 Ba6 9. O-O O-O 10. Bxa6 Nxa6 11. Ne4 Nac7 12. Qd3 f5 13. Nc3 Be7 14. Bd2 Kh8 15. Ne1 Bg5 16. Nc2 f4 17. Ne4 Bh6 18. f3 Qh4 19. Be1 Qh5 20. Bf2 g5 21. h3 Rg8 22. Na3 Qg6 23. Nc4 Bf8 24. Rfd1 Be7 25. Kf1 h5 26. Ke2 Ne8 27. Nc3 Qxd3+ 28. Rxd3 Nb4 29. Rdd1 Rc8 30. Nd2 d5 31. exd6 Nxd6 32. Rac1 Nf5 33. Nde4 Rge8 34. g4 hxg4 35. hxg4 Nd6 36. Rh1+ Kg7 37. Nxd6 Bxd6 38. Rh5 Be7 39. Rch1 Rh8 40. Rxh8 Rxh8 41. Rxh8 Kxh8 42. a3 Nd5 43. Nxd5 1/2-1/2

[Event "GER-chT Youth Countries 2020"]
[Site "Berlin"]
[Date "2020.10.02"]
[Round "4"]
[White "Arndt, Magnus"]
[Black "Faerber, David"]
[Result "1/2-1/2"]
[ECO "A45"]
[WhiteElo "2298"]
[BlackElo "2321"]
[Annotator "ChessBase"]
[PlyCount "93"]
[EventDate "2020.09.30"]
[EventType "team-tourn"]
[EventRounds "7"]
[EventCountry "GER"]
[SourceTitle "playchess.com"]
[Source "ChessBase"]
[SourceQuality "1"]
[TimeControl "30/5400+30:0"]

1. d4 Nf6 2. Bf4 c5 3. dxc5 Na6 4. Qd4 Qa5+ 5. Nc3 Qxc5 6. e3 Qxd4 7. exd4 Nb4 8. O-O-O a6 9. d5 e6 10. d6 b5 11. Nf3 Bb7 12. Be2 Rc8 13. a3 Nfd5 14. Nxd5 Nxd5 15. Bg3 g6 16. Nd2 Bh6 17. Bf3 f6 18. Kb1 Kf7 19. Nb3 Ba8 20. Rd4 Bg7 21. Re1 Rhe8 22. a4 Bf8 23. axb5 axb5 24. Rdd1 Red8 25. Nd4 Rb8 26. h4 Rb6 27. h5 Bxd6 28. Bxd6 Rxd6 29. Nxb5 Rb6 30. c4 Rdb8 31. cxd5 Rxb5 32. dxe6+ dxe6 33. Bxa8 Rxa8 34. Rd7+ Kg8 35. hxg6 hxg6 36. Rxe6 Rab8 37. Re2 R5b6 38. Rc7 g5 39. Rec2 Rb4 40. Rc8+ Rxc8 41. Rxc8+ Kf7 42. Rc3 Rf4 43. Rc2 Ke6 44. Rd2 Rg4 45. f3 Rb4 46. Kc2 Rb8 47. Rd4 1/2-1/2

[Event "GER-chT Youth Countries 2020"]
[Site "Berlin"]
[Date "2020.10.02"]
[Round "4"]
[White "Pubantz, Jan"]
[Black "Weishaeutel, Moritz"]
[Result "1-0"]
[ECO "A58"]
[WhiteElo "2295"]
[BlackElo "2222"]
[Annotator "ChessBase"]
[PlyCount "51"]
[EventDate "2020.09.30"]
[EventType "team-tourn"]
[EventRounds "7"]
[EventCountry "GER"]
[SourceTitle "playchess.com"]
[Source "ChessBase"]
[SourceQuality "1"]
[TimeControl "30/5400+30:0"]

1. d4 Nf6 2. c4 c5 3. d5 b5 4. cxb5 a6 5. bxa6 g6 6. Nc3 Bg7 7. e4 O-O 8. Nf3 Qa5 9. Nd2 Bxa6 10. Be2 d6 11. a4 Nbd7 12. O-O Rfb8 13. Ra3 Ne8 14. Nb5 Qd8 15. b3 Nc7 16. Nxc7 Qxc7 17. Bxa6 Rxa6 18. Nc4 Ne5 19. Qc2 Nxc4 20. Qxc4 Rab6 21. a5 Rb4 22. Qc2 Qb7 23. Bd2 Rxb3 24. a6 Qb5 25. Rxb3 Qxb3 26. a7 1-0

[Event "GER-chT Youth Countries 2020"]
[Site "Berlin"]
[Date "2020.10.02"]
[Round "4"]
[White "Schmider, Niklas"]
[Black "Popvasilev, Kaloyan"]
[Result "1-0"]
[ECO "B67"]
[WhiteElo "2291"]
[BlackElo "2145"]
[Annotator "ChessBase"]
[PlyCount "83"]
[EventDate "2020.09.30"]
[EventType "team-tourn"]
[EventRounds "7"]
[EventCountry "GER"]
[SourceTitle "playchess.com"]
[Source "ChessBase"]
[SourceQuality "1"]
[TimeControl "30/5400+30:0"]

1. e4 c5 2. Nf3 d6 3. d4 Nf6 4. Nc3 cxd4 5. Nxd4 Nc6 6. Bg5 e6 7. Qd2 a6 8. O-O-O Bd7 9. f4 b5 10. Bxf6 gxf6 11. Kb1 Qb6 12. Nxc6 Bxc6 13. Qe1 Ra7 14. f5 h5 15. fxe6 fxe6 16. Bd3 Qc5 17. Rf1 Qe5 18. Qf2 Rb7 19. Nd5 Bg7 20. Nf4 Kf7 21. c3 a5 22. Bc2 b4 23. Nd3 Qb5 24. cxb4 Bxe4 25. Qg3 f5 26. Qxd6 axb4 27. Nc5 Bxc2+ 28. Kxc2 Qc4+ 29. Kb1 Ra7 30. b3 Qe2 31. Rf2 Qe3 32. Nd3 Re8 33. Re1 Qd4 34. Qxd4 Bxd4 35. Rf4 Bc3 36. Re2 Rb7 37. Nc5 Rb5 38. Rc4 e5 39. a4 Rbb8 40. Rf2 Kg6 41. Nd7 Rbd8 42. Rc6+ 1-0

[Event "GER-chT Youth Countries 2020"]
[Site "Berlin"]
[Date "2020.10.02"]
[Round "4"]
[White "Kuznecovs, Nikita"]
[Black "Knuedel, Torben"]
[Result "1-0"]
[ECO "C52"]
[WhiteElo "2276"]
[BlackElo "2211"]
[Annotator "ChessBase"]
[PlyCount "67"]
[EventDate "2020.09.30"]
[EventType "team-tourn"]
[EventRounds "7"]
[EventCountry "GER"]
[SourceTitle "playchess.com"]
[Source "ChessBase"]
[SourceQuality "1"]
[TimeControl "30/5400+30:0"]

1. e4 e5 2. Nf3 Nc6 3. Bc4 Bc5 4. b4 Bxb4 5. c3 Ba5 6. d4 d6 7. Qb3 Qd7 8. O-O Bb6 9. Nbd2 Na5 10. Qb1 Nxc4 11. Nxc4 Qe6 12. Qd3 Bd7 13. a4 a6 14. Rb1 Bxa4 15. Rxb6 Bb5 16. Rxb5 axb5 17. Ne3 Nf6 18. dxe5 dxe5 19. Qxb5+ c6 20. Qb4 Qe7 21. Qxe7+ Kxe7 22. Nf5+ Kf8 23. Nxe5 Nxe4 24. Re1 Ra1 25. g4 h5 26. Kg2 Nc5 27. Nd6 g5 28. c4 Rb1 29. Nexf7 Nd3 30. Re8+ Kg7 31. Rxh8 Rxc1 32. gxh5 Rc3 33. h6+ Kf6 34. Ne4+ 1-0

[Event "GER-chT Youth Countries 2020"]
[Site "Berlin"]
[Date "2020.10.02"]
[Round "4"]
[White "Koelle, Tobias"]
[Black "Chassard, Cedric"]
[Result "1-0"]
[ECO "D37"]
[WhiteElo "2275"]
[BlackElo "1916"]
[Annotator "ChessBase"]
[PlyCount "39"]
[EventDate "2020.09.30"]
[EventType "team-tourn"]
[EventRounds "7"]
[EventCountry "GER"]
[SourceTitle "playchess.com"]
[Source "ChessBase"]
[SourceQuality "1"]
[TimeControl "30/5400+30:0"]

1. d4 Nf6 2. c4 e6 3. Nf3 d5 4. Nc3 dxc4 5. e4 Bb4 6. Bxc4 Nxe4 7. O-O Nxc3 8. bxc3 Be7 9. Ne5 Nd7 10. Qg4 O-O 11. Re1 Bf6 12. Ba3 Be7 13. Nxf7 Rxf7 14. Qxe6 Ne5 15. Qxe5 Bxa3 16. Qe8+ Qxe8 17. Rxe8+ Bf8 18. Rae1 b5 19. Bb3 c5 20. dxc5 1-0

[Event "GER-chT Youth Countries 2020"]
[Site "Berlin"]
[Date "2020.10.02"]
[Round "4"]
[White "Goldbeck, Lars"]
[Black "Vogel, Roven"]
[Result "0-1"]
[ECO "D31"]
[WhiteElo "2273"]
[BlackElo "2456"]
[Annotator "ChessBase"]
[PlyCount "52"]
[EventDate "2020.09.30"]
[EventType "team-tourn"]
[EventRounds "7"]
[EventCountry "GER"]
[SourceTitle "playchess.com"]
[Source "ChessBase"]
[SourceQuality "1"]
[TimeControl "30/5400+30:0"]

1. d4 d5 2. c4 e6 3. Nc3 Be7 4. Qc2 Nf6 5. cxd5 exd5 6. Bf4 O-O 7. e3 c5 8. Nf3 Nc6 9. Rd1 c4 10. h3 Nb4 11. Qb1 g6 12. g4 Ne4 13. Nxe4 dxe4 14. Qxe4 Be6 15. Qe5 Bd5 16. Bh6 f6 17. Qg3 Bd6 18. Qg2 Qa5 19. Be2 Nd3+ 20. Kf1 Nxb2 21. Rc1 Nd3 22. Rd1 Qxa2 23. h4 Rf7 24. g5 f5 25. h5 Re8 26. Qh3 Nf4 0-1

[Event "GER-chT Youth Countries 2020"]
[Site "Berlin"]
[Date "2020.10.02"]
[Round "4"]
[White "Kolb, Tobias"]
[Black "Dahl, Christoph"]
[Result "1-0"]
[ECO "E81"]
[WhiteElo "2268"]
[BlackElo "2262"]
[Annotator "ChessBase"]
[PlyCount "74"]
[EventDate "2020.09.30"]
[EventType "team-tourn"]
[EventRounds "7"]
[EventCountry "GER"]
[SourceTitle "playchess.com"]
[Source "ChessBase"]
[SourceQuality "1"]
[TimeControl "30/5400+30:0"]

1. d4 Nf6 2. c4 g6 3. Nc3 Bg7 4. e4 d6 5. f3 O-O 6. Be3 c5 7. dxc5 dxc5 8. Qxd8 Rxd8 9. Bxc5 Nc6 10. Nge2 Nd7 11. Be3 Nde5 12. Nf4 Nb4 13. Rc1 g5 14. Nfd5 Ned3+ 15. Bxd3 Nxd3+ 16. Ke2 Nxc1+ 17. Rxc1 Be6 18. Bxg5 Rd7 19. Nxe7+ Kf8 20. Ned5 Rc8 21. b3 Rc5 22. Be3 Rc6 23. f4 Bxc3 24. Nxc3 f5 25. h3 h5 26. Kf3 Rd3 27. Nd5 a5 28. g4 Rc8 29. Nb6 Re8 30. gxf5 Bxf5 31. e5 Red8 32. Nd5 a4 33. Rg1 axb3 34. axb3 Bxh3 35. Ke4 Rxb3 36. Bc5+ Kf7 37. f5 Re8 1-0

[Event "GER-chT Youth Countries 2020"]
[Site "Berlin"]
[Date "2020.10.02"]
[Round "4"]
[White "Niermann, Tristan"]
[Black "Fromm, Marius"]
[Result "1-0"]
[ECO "A62"]
[WhiteElo "2262"]
[BlackElo "2190"]
[Annotator "ChessBase"]
[PlyCount "85"]
[EventDate "2020.09.30"]
[EventType "team-tourn"]
[EventRounds "7"]
[EventCountry "GER"]
[SourceTitle "playchess.com"]
[Source "ChessBase"]
[SourceQuality "1"]
[TimeControl "30/5400+30:0"]

1. d4 Nf6 2. c4 e6 3. g3 c5 4. d5 exd5 5. cxd5 d6 6. Nc3 g6 7. Nf3 Bg7 8. Bg2 O-O 9. O-O Re8 10. Bf4 Ne4 11. Nxe4 Rxe4 12. Nd2 Rxf4 13. gxf4 Bxb2 14. Rb1 Bg7 15. e4 Nd7 16. Qf3 b5 17. Rfe1 Rb8 18. Qg3 Qc7 19. Nf3 Nf6 20. e5 Nh5 21. Qh4 Bf5 22. Rbd1 Bf8 23. Bh3 Bxh3 24. Qxh3 Nxf4 25. Qh4 Nh5 26. e6 f6 27. Qe4 Be7 28. Qc2 f5 29. Nd4 Nf6 30. Nc6 Rb6 31. a4 b4 32. a5 Rxc6 33. dxc6 Qxc6 34. Rb1 Nd5 35. Qc4 g5 36. Rb3 Nf4 37. Rg3 Kf8 38. f3 h5 39. h4 d5 40. Qc2 Ke8 41. Qxf5 Qd6 42. Rxg5 Kd8 43. Rg7 1-0

[Event "GER-chT Youth Countries 2020"]
[Site "Berlin"]
[Date "2020.10.02"]
[Round "4"]
[White "Hommer, Jeremy"]
[Black "Nguyen, Ha Thanh"]
[Result "1-0"]
[ECO "B30"]
[WhiteElo "2246"]
[BlackElo "2019"]
[Annotator "ChessBase"]
[PlyCount "93"]
[EventDate "2020.09.30"]
[EventType "team-tourn"]
[EventRounds "7"]
[EventCountry "GER"]
[SourceTitle "playchess.com"]
[Source "ChessBase"]
[SourceQuality "1"]
[TimeControl "30/5400+30:0"]

1. e4 c5 2. Nf3 Nc6 3. Bb5 e6 4. O-O Nge7 5. Re1 a6 6. Bxc6 Nxc6 7. c3 Be7 8. d4 cxd4 9. cxd4 d5 10. e5 O-O 11. Nc3 h6 12. Bf4 Re8 13. Kh1 Bf8 14. Qd2 Ne7 15. h4 Nf5 16. h5 g6 17. g4 Nh4 18. Nh2 Kh7 19. Qd3 Be7 20. Bg3 Rg8 21. Rg1 Bd7 22. f4 f5 23. exf6 Bxf6 24. g5 hxg5 25. Bxh4 Kh8 26. Bxg5 gxh5 27. Qh3 Be8 28. Qxe6 Bxg5 29. Rxg5 Rxg5 30. Qh6+ Kg8 31. Qxg5+ Qxg5 32. fxg5 Bg6 33. Re1 Rd8 34. Kg2 Rd6 35. Nf3 b5 36. a3 Bd3 37. Kg3 a5 38. Ne5 Bc2 39. Re2 Bf5 40. Nxb5 Rb6 41. Nc3 Rb7 42. Nxd5 h4+ 43. Kxh4 Rh7+ 44. Kg3 Rh3+ 45. Kg2 Kg7 46. Ne7 Be6 47. d5 1-0